Workbook

Sheet Índice sitio Web
B1: INSTITUTO NACIONAL DE ESTADÍSTICA Y CENSOS
B3: Encuesta Continua de Empleo
B4: Principales indicadores interanuales del mercado laboral costarricense II Trimestre 2020
B6: C1 total | C6: Costa Rica: Población nacional según indicadores generales de la condición de actividad
B7: C1 urbano | C7: Costa Rica zona urbana: Población nacional según indicadores generales de la condición de actividad
B8: C1 rural | C8: Costa Rica zona rural: Población nacional según indicadores generales de la condición de actividad
B9: C1 hombre | C9: Costa Rica hombres: Población nacional según indicadores generales de la condición de actividad
B10: C1 mujer | C10: Costa Rica mujeres: Población nacional según indicadores generales de la condición de actividad
B12: C2 total | C12: Costa Rica: Población ocupada según características del empleo
B13: C2 urbano | C13: Costa Rica zona urbana: Población ocupada según características del empleo
B14: C2 rural | C14: Costa Rica zona rural: Población ocupada según características del empleo
B15: C2 hombre | C15: Costa Rica hombres: Población ocupada según características del empleo
B16: C2 mujer | C16: Costa Rica mujeres: Población ocupada según características del empleo
B18: C3 total | C18: Costa Rica: Población ocupada según condición del empleo de las personas asalariadas e independientes
B19: C3 urbano | C19: Costa Rica zona urbana: Población ocupada según condición del empleo de las personas asalariadas e independientes
... B28: C4 mujer | C28: Costa Rica mujeres: Promedio del ingreso mensual en el empleo principal según características del empleo
B29: Fuente: INEC-Costa Rica. Encuesta Continua de Empleo (ECE), 2020.

Sheet C1 total
A1: Cuadro 1
A2: Costa Rica: Población nacional según indicadores generales de la condición de actividad
A3: II Trimestre 2020
A4: Indicadores generales | B4: II 2020 | C4: Variación Interanual | E4: Resultado de la prueba de significancia
B5: Abr - Jun | C5: Diferencia | D5: %
A7: 1. Población total | B7: 5101953 | C7: 53690 | D7: 1.0635341 | E7: 0
A9: 1.1 Grupo de edad | B9: 5101953 | C9: 53690 | D9: 1.0635341 | E9: 0
A10: De 0 a 14 años | B10: 1112104 | C10: 545 | D10: 0.049030236 | E10: 0
A11: De 15 a 24 años | B11: 772023 | C11: -570 | D11: -0.073777526 | E11: 0
A12: De 25 a 34 años | B12: 709414 | C12: -46282 | D12: -6.1244204 | E12: -1
A13: De 35 a 44 años | B13: 671364 | C13: 17768 | D13: 2.7184989 | E13: 0
A14: De 45 a 59 años | B14: 925080 | C14: -18895 | D14: -2.001642 | E14: 0
A15: De 60 años o más | B15: 911806 | C15: 102876 | D15: 12.71754 | E15: 1
A16: No especificado | B16: 162 | C16: -1752 | D16: -91.53605 | E16: 0
A18: 2. Población de 15 años y más | B18: 3989849 | C18: 53145 | D18: 1.3499872 | E18: 0
A20: 2.1 Fuerza de trabajo | B20: 2296630 | C20: -182145 | D20: -7.3481861 | E20: -1
A21: Ocupada | B21: 1745257 | C21: -437938 | D21: -20.0595 | E21: -1
... A75: Universitario con título | B75: 76899 | C75: 37519 | D75: 95.274251 | E75: 1
A76: No especificado | B76: - | C76: 0 | D76: 0 | E76: 0
A78: 5. Población fuera de la fuerza de trabajo | B78: 1693219 | C78: 235290 | D78: 16.138646 | E78: 1
A80: 5.1 Disponibilidad | B80: 1693219 | C80: 235290 | D80: 16.138646 | E80: 1
A81: No disponible para trabajar8/ | B81: 1448653 | C81: 218017 | D81: 17.715799 | E81: 1
A82: Disponible con limitaciones9/ | B82: 167031 | C82: -11477 | D82: -6.4294037 | E82: 0
A83: Disponible desalentada10/ | B83: 77535 | C83: 28750 | D83: 58.932049 | E83: 1
A85: 5.2 Grupo de edad | B85: 1693219 | C85: 235290 | D85: 16.138646 | E85: 1
A86: De 15 a 24 años | B86: 450399 | C86: 27549 | D86: 6.5150763 | E86: 0
A87: De 25 a 34 años | B87: 144825 | C87: 16657 | D87: 12.996224 | E87: 0
A88: De 35 a 44 años | B88: 136067 | C88: 39155 | D88: 40.402633 | E88: 1
A89: De 45 a 59 años | B89: 281433 | C89: 42199 | D89: 17.639215 | E89: 1
A90: De 60 años o más | B90: 680495 | C90: 110599 | D90: 19.406874 | E90: 1
A91: No especificado | B91: 0 | C91: 0 | D91: 0 | E91: 0
... A100: No especificado | B100: 1702 | C100: 1595 | D100: 1490.6542 | E100: 0
A102: 6. Porcentajes
A104: 6.1 Tasas de la población de 15 años o más
A105: Tasa neta de participación | B105: 57.561828 | C105: -5.4039174 | D105: -8.5823132 | E105: -1
A106: Tasa de ocupación11/ | B106: 43.742432 | C106: -11.715001 | D106: -21.124312 | E106: -1
A107: Tasa de no participación | B107: 42.438172 | C107: 5.4039174 | D107: 14.591673 | E107: 1
A109: 6.2 Tasas de la fuerza de trabajo
A110: Tasa de desempleo12/ | B110: 24.007916 | C110: 12.083477 | D110: 101.33372 | E110: 1
A111: Tasa de presión general13/ | B111: 28.478684 | C111: 7.5577452 | D111: 36.125268 | E111: 1
A113: 6.3 Porcentaje de la población ocupada
A114: Porcentaje de ocupados con seguro por trabajo14/ | B114: 73.81463 | C114: 4.9206468 | D114: 7.1423462 | E114: 1
A115: Porcentaje de ocupados con subempleo | B115: 20.541846 | C115: 10.280692 | D115: 100.19041 | E115: 1
A117: 6.4 Otros indicadores complementarios
A118: Tasa de desempleo ampliado15/ | B118: 26.48965 | C118: 12.865245 | D118: 94.427947 | E118: 1
A119: 1/ Personas en la fuerza de trabajo que participaron en la producción de bienes y servicios económicos (trabajaron) por lo menos una hora en la semana de referencia. Incluye a las personas que pese a tener trabajo no lo realizaron en la semana de referencia, por alguna circunstancia especial pero tienen garantía de retornar al trabajo, siguen recibiendo sueldo por el trabajo y su periodo de ausencia no sobrepasa un mes.
A120: 2/ Personas que cotizan al régimen de aseguramiento social. No incluye personas con condición de aseguramiento por pensión, familiar de asegurado, otro seguro privado u otras formas. Incluye trabajadores auxiliares no remunerados.
A121: 3/ Nivel de educación aprobado. Nivel universitario incluye estudios parauniversitarios.
A122: 4/ Búsqueda activa de otro empleo. En el ocupado que no busca cambiar de trabajo se incluyó a los no especificados.
A123: 5/ Personas en la fuerza de trabajo que estaban sin empleo en la semana de referencia, están disponibles a participar de la producción de bienes y servicios económicos, buscaron trabajo pero no lo encontraron, aunque realizaron medidas concretas de búsqueda durante las últimas cuatro semanas. Incluye también a los que no buscaron trabajo en las últimas cuatro semanas pero consiguieron empleo en la semana de entrevista, esperan reinicio de operaciones de una actividad o respuesta de gestiones anteriores con un período inferior al mes.
A124: 6/ Incluye cierre, quiebra, traslado de la empresa, restructuración o recorte de personal, fin de trabajo ocasional o estacional, renuncia obligada o pactada, fin de contrato, falta de clientes, mucha competencia o falta de capital.
A125: 7/ Incluye renuncia voluntaria, incapacidad prolongada, por jubilación o por malas relaciones laborales.
A126: 8/ No desea trabajar, con limitaciones de edad o discapacidad, con obligaciones familiares o personales, no disponible por enfermedad o por la época.
A127: 9/ Con interés de trabajar pero con limitaciones o enfermedad o accidente, asiste a centro de enseñanza, tiene obligaciones familiares o personales o sólo trabaja cuando se lo piden.
A128: 10/ Con interés de trabajar pero no tiene dinero para buscar trabajo, se cansó de buscar, no le dan trabajo por edad, sexo, raza, discapacidad, no hay trabajo en la zona o sabe que en esta época del año no hay trabajo.
A129: 11/ Porcentaje de la población ocupada respecto a la población en edad de trabajar (personas de 15 años o más).
A130: 12/ Porcentaje de la población desempleada respecto a la fuerza de trabajo.
... A136: Fuente: INEC. Encuesta Continua de Empleo (ECE), 2017.

Sheet C1 urbano
A1: Cuadro 1.1
A2: Costa Rica zona urbana: Población nacional según indicadores generales de la condición de actividad
A3: =+'C1 total'!A3 -> II Trimestre 2020
A4: Indicadores generales | B4: =+'C1 total'!B4 -> II 2020 | C4: Variación Interanual | E4: Resultado de la prueba de significancia
B5: =+'C1 total'!B5 -> Abr - Jun | C5: Diferencia | D5: %
A7: 1. Población total urbana | B7: 3701963 | C7: 37305 | D7: 1.0179668 | E7: 0
A9: 1.1 Grupo de edad | B9: 3701963 | C9: 3701963 | D9: - | E9: 1
A10: De 0 a 14 años | B10: 768765 | C10: -64 | D10: -0.0083243478 | E10: 0
A11: De 15 a 24 años | B11: 553185 | C11: 5481 | D11: 1.000723 | E11: 0
A12: De 25 a 34 años | B12: 506794 | C12: -45848 | D12: -8.2961483 | E12: -1
A13: De 35 a 44 años | B13: 488497 | C13: 16363 | D13: 3.4657534 | E13: 0
A14: De 45 a 59 años | B14: 670785 | C14: -41260 | D14: -5.7945776 | E14: 0
A15: De 60 años o más | B15: 713937 | C15: 103204 | D15: 16.898383 | E15: 1
A16: No especificado | B16: 0 | C16: -571 | D16: -100 | E16: 0
A18: 2. Población de 15 años y más | B18: 2933198 | C18: 37369 | D18: 1.2904422 | E18: 0
A20: 2.1 Fuerza de trabajo | B20: 1727301 | C20: -128172 | D20: -6.9077804 | E20: -1
A21: Ocupada | B21: 1298173 | C21: -329196 | D21: -20.228725 | E21: -1
A22: Desempleada | B22: 429128 | C22: 201024 | D22: 88.128222 | E22: 1
A24: 2.2 Fuera de la fuerza de trabajo | B24: 1205897 | C24: 165541 | D24: 15.911957 | E24: 1
... A100: No especificado | B100: 1511 | C100: 1404 | D100: 1312.1495 | E100: 0
A102: 6. Porcentajes
A104: 6.1 Tasas de la población de 15 años o más
A105: Tasa neta de participación | B105: 58.887978 | C105: -5.1860054 | D105: -8.0937771 | E105: -1
A106: Tasa de ocupación11/ | B106: 44.25794 | C106: -11.93906 | D106: -21.245013 | E106: -1
A107: Tasa de no participación | B107: 41.112022 | C107: 5.1860054 | D107: 14.435236 | E107: 1
A109: 6.2 Tasas de la fuerza de trabajo
A110: Tasa de desempleo12/ | B110: 24.843846 | C110: 12.550269 | D110: 102.08802 | E110: 1
A111: Tasa de presión general13/ | B111: 28.278453 | C111: 7.3341977 | D111: 35.017706 | E111: 1
A113: 6.3 Porcentaje de la población ocupada
A114: Porcentaje de ocupados con seguro por trabajo14/ | B114: 75.997344 | C114: 5.2655063 | D114: 7.4443227 | E114: 1
A115: Porcentaje de ocupados con subempleo | B115: 19.040528 | C115: 9.9676016 | D115: 109.86093 | E115: 1
A117: 6.4 Otros indicadores complementarios
A118: Tasa de desempleo ampliado15/ | B118: 26.750172 | C118: 12.998007 | D118: 94.516081 | E118: 1
A119: 1/ Personas en la fuerza de trabajo que participaron en la producción de bienes y servicios económicos (trabajaron) por lo menos una hora en la semana de referencia. Incluye a las personas que pese a tener trabajo no lo realizaron en la semana de referencia, por alguna circunstancia especial pero tienen garantía de retornar al trabajo, siguen recibiendo sueldo por el trabajo y su periodo de ausencia no sobrepasa un mes.
A120: 2/ Personas que cotizan al régimen de aseguramiento social. No incluye personas con condición de aseguramiento por pensión, familiar de asegurado, otro seguro privado u otras formas. Incluye trabajadores auxiliares no remunerados.
A121: 3/ Nivel de educación aprobado. Nivel universitario incluye estudios parauniversitarios.
A122: 4/ Búsqueda activa de otro empleo. En el ocupado que no busca cambiar de trabajo se incluyó a los no especificados.
A123: 5/ Personas en la fuerza de trabajo que estaban sin empleo en la semana de referencia, están disponibles a participar de la producción de bienes y servicios económicos, buscaron trabajo pero no lo encontraron, aunque realizaron medidas concretas de búsqueda durante las últimas cuatro semanas. Incluye también a los que no buscaron trabajo en las últimas cuatro semanas pero consiguieron empleo en la semana de entrevista, esperan reinicio de operaciones de una actividad o respuesta de gestiones anteriores con un período inferior al mes.
A124: 6/ Incluye cierre, quiebra, traslado de la empresa, restructuración o recorte de personal, fin de trabajo ocasional o estacional, renuncia obligada o pactada, fin de contrato, falta de clientes, mucha competencia o falta de capital.
A125: 7/ Incluye renuncia voluntaria, incapacidad prolongada, por jubilación o por malas relaciones laborales.
A126: 8/ No desea trabajar, con limitaciones de edad o discapacidad, con obligaciones familiares o personales, no disponible por enfermedad o por la época.
A127: 9/ Con interés de trabajar pero con limitaciones o enfermedad o accidente, asiste a centro de enseñanza, tiene obligaciones familiares o personales o sólo trabaja cuando se lo piden.
A128: 10/ Con interés de trabajar pero no tiene dinero para buscar trabajo, se cansó de buscar, no le dan trabajo por edad, sexo, raza, discapacidad, no hay trabajo en la zona o sabe que en esta época del año no hay trabajo.
A129: 11/ Porcentaje de la población ocupada respecto a la población en edad de trabajar (personas de 15 años o más).
A130: 12/ Porcentaje de la población desempleada respecto a la fuerza de trabajo.
... A135: Fuente: INEC-Costa Rica. Encuesta Continua de Empleo (ECE), 2020.
A136: 1 | B136: -1 | C136: 0

Sheet C1 rural
A1: Cuadro 1.2
A2: Costa Rica zona rural: Población nacional según indicadores generales de la condición de actividad
A3: =+'C1 total'!A3 -> II Trimestre 2020
A4: Indicadores generales | B4: =+'C1 total'!B4 -> II 2020 | C4: Variación Interanual | E4: Resultado de la prueba de significancia
B5: =+'C1 total'!B5 -> Abr - Jun | C5: Diferencia | D5: %
A7: 1. Población total rural | B7: 1399990 | C7: 16385 | D7: 1.1842253 | E7: 0
A9: 1.1 Grupo de edad | B9: 1399990 | C9: 16385 | D9: 1.1842253 | E9: 0
A10: De 0 a 14 años | B10: 343339 | C10: 609 | D10: 0.17769089 | E10: 0
A11: De 15 a 24 años | B11: 218838 | C11: -6051 | D11: -2.6906607 | E11: 0
A12: De 25 a 34 años | B12: 202620 | C12: -434 | D12: -0.21373625 | E12: 0
A13: De 35 a 44 años | B13: 182867 | C13: 1405 | D13: 0.77426679 | E13: 0
A14: De 45 a 59 años | B14: 254295 | C14: 22365 | D14: 9.6429957 | E14: 1
A15: De 60 años o más | B15: 197869 | C15: -328 | D15: -0.16549191 | E15: 0
A16: No especificado | B16: 162 | C16: -1181 | D16: -87.937453 | E16: 0
A18: 2. Población de 15 años y más | B18: 1056651 | C18: 15776 | D18: 1.5156479 | E18: 0
A20: 2.1 Fuerza de trabajo | B20: 569329 | C20: -53973 | D20: -8.6592053 | E20: -1
A21: Ocupada | B21: 447084 | C21: -108742 | D21: -19.564036 | E21: -1
... A100: No especificado | B100: 191 | C100: 191 | D100: 0 | E100: 0
A102: 6. Porcentajes
A104: 6.1 Tasas de la población de 15 años o más
A105: Tasa neta de participación | B105: 53.880515 | C105: -6.0019878 | D105: -10.022941 | E105: -1
A106: Tasa de ocupación11/ | B106: 42.311416 | C106: -11.088464 | D106: -20.76496 | E106: -1
A107: Tasa de no participación | B107: 46.119485 | C107: 6.0019878 | D107: 14.961022 | E107: 1
A109: 6.2 Tasas de la fuerza de trabajo
A110: Tasa de desempleo12/ | B110: 21.471768 | C110: 10.646197 | D110: 98.343051 | E110: 1
A111: Tasa de presión general13/ | B111: 29.08617 | C111: 8.2346404 | D111: 39.491781 | E111: 1
A113: 6.3 Porcentaje de la población ocupada
A114: Porcentaje de ocupados con seguro por trabajo14/ | B114: 67.476805 | C114: 3.9637634 | D114: 6.2408653 | E114: 1
A115: Porcentaje de ocupados con subempleo | B115: 24.901137 | C115: 11.161046 | D115: 81.229779 | E115: 1
A117: 6.4 Otros indicadores complementarios
A118: Tasa de desempleo ampliado15/ | B118: 25.722574 | C118: 25.722574 | D118: - | E118: 1
A119: 1/ Personas en la fuerza de trabajo que participaron en la producción de bienes y servicios económicos (trabajaron) por lo menos una hora en la semana de referencia. Incluye a las personas que pese a tener trabajo no lo realizaron en la semana de referencia, por alguna circunstancia especial pero tienen garantía de retornar al trabajo, siguen recibiendo sueldo por el trabajo y su periodo de ausencia no sobrepasa un mes.
A120: 2/ Personas que cotizan al régimen de aseguramiento social. No incluye personas con condición de aseguramiento por pensión, familiar de asegurado, otro seguro privado u otras formas. Incluye trabajadores auxiliares no remunerados.
A121: 3/ Nivel de educación aprobado. Nivel universitario incluye estudios parauniversitarios.
A122: 4/ Búsqueda activa de otro empleo. En el ocupado que no busca cambiar de trabajo se incluyó a los no especificados.
A123: 5/ Personas en la fuerza de trabajo que estaban sin empleo en la semana de referencia, están disponibles a participar de la producción de bienes y servicios económicos, buscaron trabajo pero no lo encontraron, aunque realizaron medidas concretas de búsqueda durante las últimas cuatro semanas. Incluye también a los que no buscaron trabajo en las últimas cuatro semanas pero consiguieron empleo en la semana de entrevista, esperan reinicio de operaciones de una actividad o respuesta de gestiones anteriores con un período inferior al mes.
A124: 6/ Incluye cierre, quiebra, traslado de la empresa, restructuración o recorte de personal, fin de trabajo ocasional o estacional, renuncia obligada o pactada, fin de contrato, falta de clientes, mucha competencia o falta de capital.
A125: 7/ Incluye renuncia voluntaria, incapacidad prolongada, por jubilación o por malas relaciones laborales.
A126: 8/ No desea trabajar, con limitaciones de edad o discapacidad, con obligaciones familiares o personales, no disponible por enfermedad o por la época.
A127: 9/ Con interés de trabajar pero con limitaciones o enfermedad o accidente, asiste a centro de enseñanza, tiene obligaciones familiares o personales o sólo trabaja cuando se lo piden.
A128: 10/ Con interés de trabajar pero no tiene dinero para buscar trabajo, se cansó de buscar, no le dan trabajo por edad, sexo, raza, discapacidad, no hay trabajo en la zona o sabe que en esta época del año no hay trabajo.
A129: 11/ Porcentaje de la población ocupada respecto a la población en edad de trabajar (personas de 15 años o más).
A130: 12/ Porcentaje de la población desempleada respecto a la fuerza de trabajo.
... A135: Fuente: INEC-Costa Rica. Encuesta Continua de Empleo (ECE), 2020.
A136: 1 | B136: -1 | C136: 0

Sheet C1 hombre
A1: Cuadro 1.3
A2: Costa Rica hombres: Población nacional según indicadores generales de la condición de actividad
A3: =+'C1 total'!A3 -> II Trimestre 2020
A4: Indicadores generales | B4: =+'C1 total'!B4 -> II 2020 | C4: Variación Interanual | E4: Resultado de la prueba de significancia
B5: =+'C1 total'!B5 -> Abr - Jun | C5: Diferencia | D5: %
A7: 1. Población total hombres | B7: 2571004 | C7: 25859 | D7: 1.0160128 | E7: 0
A9: 1.1 Grupo de edad | B9: 2571004 | C9: 25859 | D9: 1.0160128 | E9: 0
A10: De 0 a 14 años | B10: 569686 | C10: 64 | D10: 0.011235521 | E10: 0
A11: De 15 a 24 años | B11: 406179 | C11: -647 | D11: -0.15903605 | E11: 0
A12: De 25 a 34 años | B12: 374234 | C12: -4339 | D12: -1.1461462 | E12: 0
A13: De 35 a 44 años | B13: 327935 | C13: -3291 | D13: -0.99358142 | E13: 0
A14: De 45 a 59 años | B14: 456093 | C14: -6947 | D14: -1.5003023 | E14: 0
A15: De 60 años o más | B15: 436715 | C15: 42192 | D15: 10.694434 | E15: 1
A16: No especificado | B16: 162 | C16: -1173 | D16: -87.865169 | E16: 0
A18: 2. Población de 15 años y más | B18: 2001318 | C18: 25795 | D18: 1.3057302 | E18: 0
A20: 2.1 Fuerza de trabajo | B20: 1410663 | C20: -72356 | D20: -4.8789665 | E20: -1
A21: Ocupada | B21: 1128724 | C21: -208210 | D21: -15.573693 | E21: -1
... A100: No especificado | B100: 353 | C100: 246 | D100: 229.90654 | E100: 0
A102: 6. Porcentajes
A104: 6.1 Tasas de la población de 15 años o más
A105: Tasa neta de participación | B105: 70.486699 | C105: -4.5829911 | D105: -6.1049821 | E105: -1
A106: Tasa de ocupación11/ | B106: 56.399033 | C106: -11.275907 | D106: -16.661864 | E106: -1
A107: Tasa de no participación | B107: 29.513301 | C107: 4.5829911 | D107: 18.38321 | E107: 1
A109: 6.2 Tasas de la fuerza de trabajo
A110: Tasa de desempleo12/ | B110: 19.986276 | C110: 10.135762 | D110: 102.89576 | E110: 1
A111: Tasa de presión general13/ | B111: 25.245292 | C111: 6.0230168 | D111: 31.333526 | E111: 1
A113: 6.3 Porcentaje de la población ocupada
A114: Porcentaje de ocupados con seguro por trabajo14/ | B114: 74.751578 | C114: 1.7235152 | D114: 2.3600724 | E114: 0
A115: Porcentaje de ocupados con subempleo | B115: 20.58971 | C115: 12.835625 | D115: 165.53371 | E115: 1
A117: 6.4 Otros indicadores complementarios
A118: Tasa de desempleo ampliado15/ | B118: 21.948001 | C118: 11.145676 | D118: 103.1785 | E118: 1
A119: 1/ Personas en la fuerza de trabajo que participaron en la producción de bienes y servicios económicos (trabajaron) por lo menos una hora en la semana de referencia. Incluye a las personas que pese a tener trabajo no lo realizaron en la semana de referencia, por alguna circunstancia especial pero tienen garantía de retornar al trabajo, siguen recibiendo sueldo por el trabajo y su periodo de ausencia no sobrepasa un mes.
A120: 2/ Personas que cotizan al régimen de aseguramiento social. No incluye personas con condición de aseguramiento por pensión, familiar de asegurado, otro seguro privado u otras formas. Incluye trabajadores auxiliares no remunerados.
A121: 3/ Nivel de educación aprobado. Nivel universitario incluye estudios parauniversitarios.
A122: 4/ Búsqueda activa de otro empleo. En el ocupado que no busca cambiar de trabajo se incluyó a los no especificados.
A123: 5/ Personas en la fuerza de trabajo que estaban sin empleo en la semana de referencia, están disponibles a participar de la producción de bienes y servicios económicos, buscaron trabajo pero no lo encontraron, aunque realizaron medidas concretas de búsqueda durante las últimas cuatro semanas. Incluye también a los que no buscaron trabajo en las últimas cuatro semanas pero consiguieron empleo en la semana de entrevista, esperan reinicio de operaciones de una actividad o respuesta de gestiones anteriores con un período inferior al mes.
A124: 6/ Incluye cierre, quiebra, traslado de la empresa, restructuración o recorte de personal, fin de trabajo ocasional o estacional, renuncia obligada o pactada, fin de contrato, falta de clientes, mucha competencia o falta de capital.
A125: 7/ Incluye renuncia voluntaria, incapacidad prolongada, por jubilación o por malas relaciones laborales.
A126: 8/ No desea trabajar, con limitaciones de edad o discapacidad, con obligaciones familiares o personales, no disponible por enfermedad o por la época.
A127: 9/ Con interés de trabajar pero con limitaciones o enfermedad o accidente, asiste a centro de enseñanza, tiene obligaciones familiares o personales o sólo trabaja cuando se lo piden.
A128: 10/ Con interés de trabajar pero no tiene dinero para buscar trabajo, se cansó de buscar, no le dan trabajo por edad, sexo, raza, discapacidad, no hay trabajo en la zona o sabe que en esta época del año no hay trabajo.
A129: 11/ Porcentaje de la población ocupada respecto a la población en edad de trabajar (personas de 15 años o más).
A130: 12/ Porcentaje de la población desempleada respecto a la fuerza de trabajo.
... A135: Fuente: INEC-Costa Rica. Encuesta Continua de Empleo (ECE), 2020.
A136: 1 | B136: -1 | C136: 0

Sheet C1 mujer
A1: Cuadro 1.4
A2: Costa Rica mujeres: Población nacional según indicadores generales de la condición de actividad
A3: =+'C1 total'!A3 -> II Trimestre 2020
A4: Indicadores generales | B4: =+'C1 total'!B4 -> II 2020 | C4: Variación Interanual | E4: Resultado de la prueba de significancia
B5: =+'C1 total'!B5 -> Abr - Jun | C5: Diferencia | D5: %
A7: 1. Población total mujeres | B7: 2530949 | C7: 27831 | D7: 1.1118533 | E7: 0
A9: 1.1 Grupo de edad | B9: 2530949 | C9: 27831 | D9: 1.1118533 | E9: 0
A10: De 0 a 14 años | B10: 542418 | C10: 481 | D10: 0.088755704 | E10: 0
A11: De 15 a 24 años | B11: 365844 | C11: 77 | D11: 0.021051653 | E11: 0
A12: De 25 a 34 años | B12: 335180 | C12: -41943 | D12: -11.121836 | E12: -1
A13: De 35 a 44 años | B13: 343429 | C13: 21059 | D13: 6.5325558 | E13: 0
A14: De 45 a 59 años | B14: 468987 | C14: -11948 | D14: -2.4843274 | E14: 0
A15: De 60 años o más | B15: 475091 | C15: 60684 | D15: 14.643575 | E15: 1
A16: No especificado | B16: 0 | C16: -579 | D16: -100 | E16: 0
A18: 2. Población de 15 años y más | B18: 1988531 | C18: 27350 | D18: 1.3945679 | E18: 0
A20: 2.1 Fuerza de trabajo | B20: 885967 | C20: -109789 | D20: -11.025693 | E20: -1
A21: Ocupada | B21: 616533 | C21: -229728 | D21: -27.146235 | E21: -1
... A100: No especificado | B100: 1349 | C100: 1349 | D100: 0 | E100: 0
A102: 6. Porcentajes
A104: 6.1 Tasas de la población de 15 años o más
A105: Tasa neta de participación | B105: 44.553844 | C105: -6.21944 | D105: -12.249434 | E105: -1
A106: Tasa de ocupación11/ | B106: 31.004445 | C106: -12.146136 | D106: -28.148256 | E106: -1
A107: Tasa de no participación | B107: 55.446156 | C107: 6.21944 | D107: 12.634278 | E107: 1
A109: 6.2 Tasas de la fuerza de trabajo
A110: Tasa de desempleo12/ | B110: 30.411291 | C110: 15.398075 | D110: 102.56346 | E110: 1
A111: Tasa de presión general13/ | B111: 33.626986 | C111: 10.176161 | D111: 43.393615 | E111: 1
A113: 6.3 Porcentaje de la población ocupada
A114: Porcentaje de ocupados con seguro por trabajo14/ | B114: 72.099304 | C114: 9.736392 | D114: 15.612472 | E114: 1
A115: Porcentaje de ocupados con subempleo | B115: 20.454217 | C115: 6.2323638 | D115: 43.822444 | E115: 1
A117: 6.4 Otros indicadores complementarios
A118: Tasa de desempleo ampliado15/ | B118: 33.566619 | C118: 15.830431 | D118: 89.254983 | E118: 1
A119: 1/ Personas en la fuerza de trabajo que participaron en la producción de bienes y servicios económicos (trabajaron) por lo menos una hora en la semana de referencia. Incluye a las personas que pese a tener trabajo no lo realizaron en la semana de referencia, por alguna circunstancia especial pero tienen garantía de retornar al trabajo, siguen recibiendo sueldo por el trabajo y su periodo de ausencia no sobrepasa un mes.
A120: 2/ Personas que cotizan al régimen de aseguramiento social. No incluye personas con condición de aseguramiento por pensión, familiar de asegurado, otro seguro privado u otras formas. Incluye trabajadores auxiliares no remunerados.
A121: 3/ Nivel de educación aprobado. Nivel universitario incluye estudios parauniversitarios.
A122: 4/ Búsqueda activa de otro empleo. En el ocupado que no busca cambiar de trabajo se incluyó a los no especificados.
A123: 5/ Personas en la fuerza de trabajo que estaban sin empleo en la semana de referencia, están disponibles a participar de la producción de bienes y servicios económicos, buscaron trabajo pero no lo encontraron, aunque realizaron medidas concretas de búsqueda durante las últimas cuatro semanas. Incluye también a los que no buscaron trabajo en las últimas cuatro semanas pero consiguieron empleo en la semana de entrevista, esperan reinicio de operaciones de una actividad o respuesta de gestiones anteriores con un período inferior al mes.
A124: 6/ Incluye cierre, quiebra, traslado de la empresa, restructuración o recorte de personal, fin de trabajo ocasional o estacional, renuncia obligada o pactada, fin de contrato, falta de clientes, mucha competencia o falta de capital.
A125: 7/ Incluye renuncia voluntaria, incapacidad prolongada, por jubilación o por malas relaciones laborales.
A126: 8/ No desea trabajar, con limitaciones de edad o discapacidad, con obligaciones familiares o personales, no disponible por enfermedad o por la época.
A127: 9/ Con interés de trabajar pero con limitaciones o enfermedad o accidente, asiste a centro de enseñanza, tiene obligaciones familiares o personales o sólo trabaja cuando se lo piden.
A128: 10/ Con interés de trabajar pero no tiene dinero para buscar trabajo, se cansó de buscar, no le dan trabajo por edad, sexo, raza, discapacidad, no hay trabajo en la zona o sabe que en esta época del año no hay trabajo.
A129: 11/ Porcentaje de la población ocupada respecto a la población en edad de trabajar (personas de 15 años o más).
A130: 12/ Porcentaje de la población desempleada respecto a la fuerza de trabajo.
... A135: Fuente: INEC-Costa Rica. Encuesta Continua de Empleo (ECE), 2020.
A136: 1 | B136: -1 | C136: 0

Sheet C2 total
A1: Cuadro 2
A2: Costa Rica: Población ocupada según características del empleo
A3: =+'C1 total'!A3 -> II Trimestre 2020
A4: Características del empleo | B4: =+'C1 total'!B4 -> II 2020 | C4: Variación Interanual | E4: Resultado de la prueba de significancia
B5: =+'C1 total'!B5 -> Abr - Jun | C5: Diferencia | D5: %
A7: 1. Rama de actividad | B7: 1745257 | C7: -437938 | D7: -20.0595 | E7: -1
A9: 1.1 Sector primario | B9: 233601 | C9: -22474 | D9: -8.7763351 | E9: 0
A10: Agricultura, ganadería y pesca | B10: 233601 | C10: -22474 | D10: -8.7763351 | E10: 0
A12: 1.2 Sector secundario | B12: 337650 | C12: -78607 | D12: -18.884247 | E12: -1
A13: Industria manufacturera | B13: 203763 | C13: -21698 | D13: -9.6238374 | E13: 0
A14: Construcción | B14: 104892 | C14: -61943 | D14: -37.1283 | E14: -1
A15: Otros1/ | B15: 28995 | C15: 5034 | D15: 21.00914 | E15: 0
A17: 1.3 Sector comercio y servicios | B17: 1167487 | C17: -335516 | D17: -22.323043 | E17: -1
A18: Comercio y reparación | B18: 279412 | C18: -71574 | D18: -20.392266 | E18: -1
A19: Transporte y almacenamiento | B19: 95463 | C19: -21426 | D19: -18.330211 | E19: -1
A20: Hoteles y restaurantes | B20: 77188 | C20: -66831 | D20: -46.404294 | E20: -1
A21: Intermediación financiera y de seguros | B21: 38862 | C21: -7080 | D21: -15.410735 | E21: 0
... A53: Privado | B53: 1453919 | C53: -424421 | D53: -22.595536 | E53: -1
A54: No especificado | B54: - | C54: 0 | D54: - | E54: 0
A56: 5. Posición en el empleo principal | B56: 1745257 | C56: -437938 | D56: -20.0595 | E56: -1
A58: Asalariada | B58: 1311779 | C58: -281393 | D58: -17.662437 | E58: -1
A59: Cuenta propia | B59: 348758 | C59: -117072 | D59: -25.131915 | E59: -1
A60: Empleadora | B60: 54051 | C60: -27601 | D60: -33.803214 | E60: -1
A61: Auxiliar no remunerado5/ | B61: 30669 | C61: -11872 | D61: -27.907195 | E61: 0
A62: 1/ Incluye explotación de minas y canteras, suministros de electricidad, gas, vapor y aire acondicionado, suministros de agua, evacuación de aguas residuales y gestión de desechos y contaminación.
A63: 2/ Incluye información y comunicaciones, actividades inmobiliarias, actividades artísticas, de entretenimiento y recreativas, actividades de organizaciones y órganos extraterritoriales y otras actividades de servicios.
A64: 3/ Incluye directores y gerentes, nivel profesional, científico e intelectual, nivel técnico y profesional medio.
A65: 4/ Incluye apoyo administrativo, ventas en locales y prestación de servicios directos a personas, agropecuario, agrícolas y pesqueras calificadas, producción artesanal, construcción, mecánica, artes gráficas y manufacturas calificadas y montaje y operación de instalaciones y máquinas.
A66: 5/ Personas con trabajo, familiares o no familiares, que participan de alguna actividad económica utilizando su propia fuerza de trabajo en la unidad económica del hogar (ayuda a un cuenta propia) o como auxilio a una persona que a su vez es empleada (ayuda a un asalariado), esto sin recibir ningún tipo de pago, ni en dinero ni en especie.
A67: * Coeficiente de variación mayor al 20%. El coeficiente de variación es una medida relativa del error estándar y es la más utilizada para medir el nivel de precisión, ya que permite comparar niveles de precisión de estimaciones con diferentes unidades de medida. Estimaciones con coeficientes de variación menores al 5% se consideran muy precisas, hasta un 10% precisas, entre un 10% y 15% regularmente precisas, entre 15% y 20% aceptables, y estimaciones con coeficientes de variación mayores al 20% no son precisas y se deben utilizar con precaución.
A68: Fuente: INEC-Costa Rica. Encuesta Continua de Empleo (ECE), 2020.
A69: 1 | B69: -1 | C69: 0

Sheet C2 urbano
A1: Cuadro 2.1
A2: Costa Rica zona urbana: Población ocupada según características del empleo
A3: =+'C1 total'!A3 -> II Trimestre 2020
A4: Características del empleo | B4: =+'C1 total'!B4 -> II 2020 | C4: Variación Interanual | E4: Resultado de la prueba de significancia
B5: =+'C1 total'!B5 -> Abr - Jun | C5: Diferencia | D5: %
A7: 1. Rama de actividad | B7: 1298173 | C7: -329196 | D7: -20.228725 | E7: -1
A9: 1.1 Sector primario | B9: 75726 | C9: 1953 | D9: 2.64731 | E9: 0
A10: Agricultura, ganadería y pesca | B10: 75726 | C10: 1953 | D10: 2.64731 | E10: 0
A12: 1.2 Sector secundario | B12: 275874 | C12: -57625 | D12: -17.278912 | E12: -1
A13: Industria manufacturera | B13: 174709 | C13: -11625 | D13: -6.238797 | E13: 0
A14: Construcción | B14: 82404 | C14: -50660 | D14: -38.071905 | E14: -1
A15: Otros1/ | B15: 18761 | C15: 4660 | D15: 33.047302 | E15: 0
A17: 1.3 Sector comercio y servicios | B17: 940134 | C17: -272314 | D17: -22.45985 | E17: -1
A18: Comercio y reparación | B18: 222691 | C18: -55034 | D18: -19.816005 | E18: -1
A19: Transporte y almacenamiento | B19: 80229 | C19: -14347 | D19: -15.169811 | E19: 0
A20: Hoteles y restaurantes | B20: 56848 | C20: -51221 | D20: -47.396571 | E20: -1
A21: Intermediación financiera y de seguros | B21: 35994 | C21: -5540 | D21: -13.33847 | E21: 0
... A53: Privado | B53: 1066459 | C53: -315868 | D53: -22.850454 | E53: -1
A54: No especificado | B54: - | C54: 0 | D54: - | E54: 0
A56: 5. Posición en el empleo principal | B56: 1298173 | C56: -329196 | D56: -20.228725 | E56: -1
A58: Asalariada | B58: 994596 | C58: -205387 | D58: -17.115826 | E58: -1
A59: Cuenta propia | B59: 242005 | C59: -94260 | D59: -28.031463 | E59: -1
A60: Empleadora | B60: 42441 | C60: -20167 | D60: -32.211538 | E60: -1
A61: Auxiliar no remunerado5/ | B61: 19131 | C61: -9382 | D61: -32.904289 | E61: 0
A62: 1/ Incluye explotación de minas y canteras, suministros de electricidad, gas, vapor y aire acondicionado, suministros de agua, evacuación de aguas residuales y gestión de desechos y contaminación.
A63: 2/ Incluye información y comunicaciones, actividades inmobiliarias, actividades artísticas, de entretenimiento y recreativas, actividades de organizaciones y órganos extraterritoriales y otras actividades de servicios.
A64: 3/ Incluye directores y gerentes, nivel profesional, científico e intelectual, nivel técnico y profesional medio.
A65: 4/ Incluye apoyo administrativo, ventas en locales y prestación de servicios directos a personas, agropecuario, agrícolas y pesqueras calificadas, producción artesanal, construcción, mecánica, artes gráficas y manufacturas calificadas y montaje y operación de instalaciones y máquinas.
A66: 5/ Personas con trabajo, familiares o no familiares, que participan de alguna actividad económica utilizando su propia fuerza de trabajo en la unidad económica del hogar (ayuda a un cuenta propia) o como auxilio a una persona que a su vez es empleada (ayuda a un asalariado), esto sin recibir ningún tipo de pago, ni en dinero ni en especie.
A67: * Coeficiente de variación mayor al 20%. El coeficiente de variación es una medida relativa del error estándar y es la más utilizada para medir el nivel de precisión, ya que permite comparar niveles de precisión de estimaciones con diferentes unidades de medida. Estimaciones con coeficientes de variación menores al 5% se consideran muy precisas, hasta un 10% precisas, entre un 10% y 15% regularmente precisas, entre 15% y 20% aceptables, y estimaciones con coeficientes de variación mayores al 20% no son precisas y se deben utilizar con precaución.
A68: Fuente: INEC-Costa Rica. Encuesta Continua de Empleo (ECE), 2020.
A69: 1 | B69: -1 | C69: 0

Sheet C2 rural
A1: Cuadro 2.2
A2: Costa Rica zona rural: Población ocupada según características del empleo
A3: =+'C1 total'!A3 -> II Trimestre 2020
A4: Características del empleo | B4: =+'C1 total'!B4 -> II 2020 | C4: Variación Interanual | E4: Resultado de la prueba de significancia
B5: =+'C1 total'!B5 -> Abr - Jun | C5: Diferencia | D5: %
A7: 1. Rama de actividad | B7: 447084 | C7: -108742 | D7: -19.564036 | E7: -1
A9: 1.1 Sector primario | B9: 157875 | C9: -24427 | D9: -13.399195 | E9: -1
A10: Agricultura, ganadería y pesca | B10: 157875 | C10: -24427 | D10: -13.399195 | E10: -1
A12: 1.2 Sector secundario | B12: 61776 | C12: -20982 | D12: -25.35344 | E12: -1
A13: Industria manufacturera | B13: 29054 | C13: -10073 | D13: -25.744371 | E13: -1
A14: Construcción | B14: 22488 | C14: -11283 | D14: -33.410322 | E14: -1
A15: Otros1/ | B15: 10234 | C15: 374 | D15: 3.7931034 | E15: 0
A17: 1.3 Sector comercio y servicios | B17: 227353 | C17: -63202 | D17: -21.752164 | E17: -1
A18: Comercio y reparación | B18: 56721 | C18: -16540 | D18: -22.576814 | E18: -1
A19: Transporte y almacenamiento | B19: 15234 | C19: -7079 | D19: -31.7259 | E19: -1
A20: Hoteles y restaurantes | B20: 20340 | C20: -15610 | D20: -43.421419 | E20: -1
A21: Intermediación financiera y de seguros | B21: 2868 | C21: -1540 | D21: -34.936479 | E21: 0
... A53: Privado | B53: 387460 | C53: -108553 | D53: -21.885112 | E53: -1
A54: No especificado | B54: - | C54: 0 | D54: - | E54: 0
A56: 5. Posición en el empleo principal | B56: 447084 | C56: -108742 | D56: -19.564036 | E56: -1
A58: Asalariada | B58: 317183 | C58: -76006 | D58: -19.330653 | E58: -1
A59: Cuenta propia | B59: 106753 | C59: -22812 | D59: -17.606607 | E59: -1
A60: Empleadora | B60: 11610 | C60: -7434 | D60: -39.035917 | E60: -1
A61: Auxiliar no remunerado5/ | B61: 11538 | C61: -2490 | D61: -17.750214 | E61: 0
A62: 1/ Incluye explotación de minas y canteras, suministros de electricidad, gas, vapor y aire acondicionado, suministros de agua, evacuación de aguas residuales y gestión de desechos y contaminación.
A63: 2/ Incluye información y comunicaciones, actividades inmobiliarias, actividades artísticas, de entretenimiento y recreativas, actividades de organizaciones y órganos extraterritoriales y otras actividades de servicios.
A64: 3/ Incluye directores y gerentes, nivel profesional, científico e intelectual, nivel técnico y profesional medio.
A65: 4/ Incluye apoyo administrativo, ventas en locales y prestación de servicios directos a personas, agropecuario, agrícolas y pesqueras calificadas, producción artesanal, construcción, mecánica, artes gráficas y manufacturas calificadas y montaje y operación de instalaciones y máquinas.
A66: 5/ Personas con trabajo, familiares o no familiares, que participan de alguna actividad económica utilizando su propia fuerza de trabajo en la unidad económica del hogar (ayuda a un cuenta propia) o como auxilio a una persona que a su vez es empleada (ayuda a un asalariado), esto sin recibir ningún tipo de pago, ni en dinero ni en especie.
A67: * Coeficiente de variación mayor al 20%. El coeficiente de variación es una medida relativa del error estándar y es la más utilizada para medir el nivel de precisión, ya que permite comparar niveles de precisión de estimaciones con diferentes unidades de medida. Estimaciones con coeficientes de variación menores al 5% se consideran muy precisas, hasta un 10% precisas, entre un 10% y 15% regularmente precisas, entre 15% y 20% aceptables, y estimaciones con coeficientes de variación mayores al 20% no son precisas y se deben utilizar con precaución.
A68: Fuente: INEC-Costa Rica. Encuesta Continua de Empleo (ECE), 2020.
A69: 1 | B69: -1 | C69: 0

Sheet C2 hombre
A1: Cuadro 2.3
A2: Costa Rica hombres: Población ocupada según características del empleo
A3: =+'C1 total'!A3 -> II Trimestre 2020
A4: Características del empleo | B4: =+'C1 total'!B4 -> II 2020 | C4: Variación Interanual | E4: Resultado de la prueba de significancia
B5: =+'C1 total'!B5 -> Abr - Jun | C5: Diferencia | D5: %
A7: 1. Rama de actividad | B7: 1128724 | C7: -208210 | D7: -15.573693 | E7: -1
A9: 1.1 Sector primario | B9: 207540 | C9: -18610 | D9: -8.2290515 | E9: 0
A10: Agricultura, ganadería y pesca | B10: 207540 | C10: -18610 | D10: -8.2290515 | E10: 0
A12: 1.2 Sector secundario | B12: 270754 | C12: -57347 | D12: -17.478459 | E12: -1
A13: Industria manufacturera | B13: 144171 | C13: -8618 | D13: -5.6404584 | E13: 0
A14: Construcción | B14: 100133 | C14: -54500 | D14: -35.244741 | E14: -1
A15: Otros1/ | B15: 26450 | C15: 5771 | D15: 27.907539 | E15: 1
A17: 1.3 Sector comercio y servicios | B17: 646372 | C17: -132399 | D17: -17.001018 | E17: -1
A18: Comercio y reparación | B18: 185624 | C18: -33767 | D18: -15.391242 | E18: -1
A19: Transporte y almacenamiento | B19: 84099 | C19: -16803 | D19: -16.652792 | E19: -1
A20: Hoteles y restaurantes | B20: 33212 | C20: -21615 | D20: -39.424006 | E20: -1
A21: Intermediación financiera y de seguros | B21: 18178 | C21: -3210 | D21: -15.008416 | E21: 0
... A53: Privado | B53: 987245 | C53: -196489 | D53: -16.599084 | E53: -1
A54: No especificado | B54: - | C54: 0 | D54: - | E54: 0
A56: 5. Posición en el empleo principal | B56: 1128724 | C56: -208210 | D56: -15.573693 | E56: -1
A58: Asalariada | B58: 817942 | C58: -131230 | D58: -13.825734 | E58: -1
A59: Cuenta propia | B59: 256962 | C59: -54148 | D59: -17.404776 | E59: -1
A60: Empleadora | B60: 40636 | C60: -19383 | D60: -32.294773 | E60: -1
A61: Auxiliar no remunerado5/ | B61: 13184 | C61: -3449 | D61: -20.735886 | E61: 0
A62: 1/ Incluye explotación de minas y canteras, suministros de electricidad, gas, vapor y aire acondicionado, suministros de agua, evacuación de aguas residuales y gestión de desechos y contaminación.
A63: 2/ Incluye información y comunicaciones, actividades inmobiliarias, actividades artísticas, de entretenimiento y recreativas, actividades de organizaciones y órganos extraterritoriales y otras actividades de servicios.
A64: 3/ Incluye directores y gerentes, nivel profesional, científico e intelectual, nivel técnico y profesional medio.
A65: 4/ Incluye apoyo administrativo, ventas en locales y prestación de servicios directos a personas, agropecuario, agrícolas y pesqueras calificadas, producción artesanal, construcción, mecánica, artes gráficas y manufacturas calificadas y montaje y operación de instalaciones y máquinas.
A66: 5/ Personas con trabajo, familiares o no familiares, que participan de alguna actividad económica utilizando su propia fuerza de trabajo en la unidad económica del hogar (ayuda a un cuenta propia) o como auxilio a una persona que a su vez es empleada (ayuda a un asalariado), esto sin recibir ningún tipo de pago, ni en dinero ni en especie.
A67: * Coeficiente de variación mayor al 20%. El coeficiente de variación es una medida relativa del error estándar y es la más utilizada para medir el nivel de precisión, ya que permite comparar niveles de precisión de estimaciones con diferentes unidades de medida. Estimaciones con coeficientes de variación menores al 5% se consideran muy precisas, hasta un 10% precisas, entre un 10% y 15% regularmente precisas, entre 15% y 20% aceptables, y estimaciones con coeficientes de variación mayores al 20% no son precisas y se deben utilizar con precaución.
A68: Fuente: INEC-Costa Rica. Encuesta Continua de Empleo (ECE), 2020.
A69: 1 | B69: -1 | C69: 0

Sheet C2 mujer
A1: Cuadro 2.4
A2: Costa Rica mujeres: Población ocupada según características del empleo
A3: =+'C1 total'!A3 -> II Trimestre 2020
A4: Características del empleo | B4: =+'C1 total'!B4 -> II 2020 | C4: Variación Interanual | E4: Resultado de la prueba de significancia
B5: =+'C1 total'!B5 -> Abr - Jun | C5: Diferencia | D5: %
A7: 1. Rama de actividad | B7: 616533 | C7: -229728 | D7: -27.146235 | E7: -1
A9: 1.1 Sector primario | B9: 26061 | C9: -3864 | D9: -12.912281 | E9: 0
A10: Agricultura, ganadería y pesca | B10: 26061 | C10: -3864 | D10: -12.912281 | E10: 0
A12: 1.2 Sector secundario | B12: 66896 | C12: -21260 | D12: -24.116339 | E12: -1
A13: Industria manufacturera | B13: 59592 | C13: -13080 | D13: -17.998679 | E13: 0
A14: Construcción | B14: 4759 | C14: -7443 | D14: -60.998197 | E14: 0
A15: Otros1/ | B15: 2545 | C15: -737 | D15: -22.45582 | E15: 0
A17: 1.3 Sector comercio y servicios | B17: 521115 | C17: -203117 | D17: -28.045847 | E17: -1
A18: Comercio y reparación | B18: 93788 | C18: -37807 | D18: -28.729815 | E18: -1
A19: Transporte y almacenamiento | B19: 11364 | C19: -4623 | D19: -28.917245 | E19: 0
A20: Hoteles y restaurantes | B20: 43976 | C20: -45216 | D20: -50.69513 | E20: -1
A21: Intermediación financiera y de seguros | B21: 20684 | C21: -3870 | D21: -15.761179 | E21: 0
... A53: Privado | B53: 466674 | C53: -227932 | D53: -32.814574 | E53: -1
A54: No especificado | B54: - | C54: 0 | D54: - | E54: 0
A56: 5. Posición en el empleo principal | B56: 616533 | C56: -229728 | D56: -27.146235 | E56: -1
A58: Asalariada | B58: 493837 | C58: -150163 | D58: -23.317236 | E58: -1
A59: Cuenta propia | B59: 91796 | C59: -62924 | D59: -40.669597 | E59: -1
A60: Empleadora | B60: 13415 | C60: -8218 | D60: -37.988259 | E60: 0
A61: Auxiliar no remunerado5/ | B61: 17485 | C61: -8423 | D61: -32.511193 | E61: 0
A62: 1/ Incluye explotación de minas y canteras, suministros de electricidad, gas, vapor y aire acondicionado, suministros de agua, evacuación de aguas residuales y gestión de desechos y contaminación.
A63: 2/ Incluye información y comunicaciones, actividades inmobiliarias, actividades artísticas, de entretenimiento y recreativas, actividades de organizaciones y órganos extraterritoriales y otras actividades de servicios.
A64: 3/ Incluye directores y gerentes, nivel profesional, científico e intelectual, nivel técnico y profesional medio.
A65: 4/ Incluye apoyo administrativo, ventas en locales y prestación de servicios directos a personas, agropecuario, agrícolas y pesqueras calificadas, producción artesanal, construcción, mecánica, artes gráficas y manufacturas calificadas y montaje y operación de instalaciones y máquinas.
A66: 5/ Personas con trabajo, familiares o no familiares, que participan de alguna actividad económica utilizando su propia fuerza de trabajo en la unidad económica del hogar (ayuda a un cuenta propia) o como auxilio a una persona que a su vez es empleada (ayuda a un asalariado), esto sin recibir ningún tipo de pago, ni en dinero ni en especie.
A67: * Coeficiente de variación mayor al 20%. El coeficiente de variación es una medida relativa del error estándar y es la más utilizada para medir el nivel de precisión, ya que permite comparar niveles de precisión de estimaciones con diferentes unidades de medida. Estimaciones con coeficientes de variación menores al 5% se consideran muy precisas, hasta un 10% precisas, entre un 10% y 15% regularmente precisas, entre 15% y 20% aceptables, y estimaciones con coeficientes de variación mayores al 20% no son precisas y se deben utilizar con precaución.
A68: Fuente: INEC-Costa Rica. Encuesta Continua de Empleo (ECE), 2020.
A69: 1 | B69: -1 | C69: 0

Sheet C3 total
A1: Cuadro 3
A2: Costa Rica: Población ocupada según condición del empleo de las personas asalariadas e independientes 1/
A3: =+'C1 total'!A3 -> II Trimestre 2020
A4: Condiciones del empleo | B4: =+'C1 total'!B4 -> II 2020 | C4: Variación Interanual | E4: Resultado de la prueba de significancia
B5: =+'C1 total'!B5 -> Abr - Jun | C5: Diferencia | D5: %
A7: 1. Población asalariada | B7: 1311779 | C7: -281393 | D7: -17.662437 | E7: -1
A9: 1.1 Estabilidad en el empleo | B9: 1311779 | C9: -281393 | D9: -17.662437 | E9: -1
A10: Empleo permanente | B10: 1244285 | C10: -235195 | D10: -15.89714 | E10: -1
A11: Empleo no permanente | B11: 29829 | C11: -29104 | D11: -49.384895 | E11: -1
A12: Actividad ocasional | B12: 37665 | C12: -17094 | D12: -31.216786 | E12: -1
A14: 1.2 Condición de aseguramiento | B14: 1311779 | C14: -281393 | D14: -17.662437 | E14: -1
A15: No tiene seguro por trabajo | B15: 213453 | C15: -141821 | D15: -39.918767 | E15: -1
A16: Tiene seguro por trabajo | B16: 1098326 | C16: -139572 | D16: -11.274919 | E16: -1
A18: 1.3 Grupo de horas efectivas trabajadas2/ | B18: 1311779 | C18: -281393 | D18: -17.662437 | E18: -1
A19: Menos de 15 | B19: 77845 | C19: -25866 | D19: -24.94046 | E19: -1
A20: De 15 a 39 | B20: 345625 | C20: 78934 | D20: 29.597549 | E20: 1
A21: De 40 a 48 | B21: 664817 | C21: -192877 | D21: -22.487857 | E21: -1
... A36: No especificado | B36: 153173 | C36: -1613 | D36: -1.0420839 | E36: 0
A38: 1.6 Porcentajes
A39: Porcentaje de ocupados con seguro por trabajo | B39: 83.727976 | C39: 6.0277649 | D39: 7.7577201 | E39: 1
A40: Porcentaje de ocupados con subempleo | B40: 15.319959 | C40: 7.9771858 | D40: 108.63997 | E40: 1
A41: Porcentaje de ocupados que laboran 40 horas o más y perciben menos del salario mínimo | B41: 6.9691617 | C41: -2.4000087 | D41: -25.616021 | E41: -1
A42: Porcentaje de ocupados que laboran más de 48 horas | B42: 16.977631 | C42: -5.9110463 | D42: -25.825198 | E42: -1
A44: 2. Población independiente | B44: 402809 | C44: -144673 | D44: -26.425161 | E44: -1
A46: 2.1 Tipo de establecimiento | B46: 402809 | C46: -144673 | D46: -26.425161 | E46: -1
A47: Empresa en sociedad y cuasi sociedad | B47: 32902 | C47: -5734 | D47: -14.841081 | E47: 0
A48: Empresa no constituido en sociedad | B48: 369907 | C48: -138939 | D48: -27.304725 | E48: -1
A50: 2.2 Condición de aseguramiento | B50: 402809 | C50: -144673 | D50: -26.425161 | E50: -1
A51: No tiene seguro por trabajo | B51: 217727 | C51: -71390 | D51: -24.692426 | E51: -1
A52: Tiene seguro por trabajo | B52: 185082 | C52: -73283 | D52: -28.364136 | E52: -1
A54: 2.3 Grupo de horas efectivas trabajadas2/ | B54: 402809 | C54: -144673 | D54: -26.425161 | E54: -1
... A72: No especificado | B72: 30960 | C72: 13055 | D72: 72.912594 | E72: 0
A74: 2.6 Porcentajes
A75: Porcentaje de ocupados con seguro por trabajo | B75: 45.947831 | C75: -1.2436745 | D75: -2.6353778 | E75: 0
A76: Porcentaje de ocupados con subempleo | B76: 37.558992 | C76: 18.511425 | D76: 97.185248 | E76: 1
A77: Porcentaje de ocupados que laboran 40 horas o más y perciben menos del salario mínimo | B77: 20.264691 | C77: -2.9658442 | D77: -12.767008 | E77: -1
A78: Porcentaje de ocupados que laboran más de 48 horas | B78: 18.230228 | C78: -9.5515071 | D78: -34.380527 | E78: -1
A79: 1/ No se incluye la población ocupada auxiliar no remunerada.
A80: 2/ Se utilizó la suma de las horas efectivas trabajadas en el empleo principal.
A81: 3/ Incluye otras rama de actividad y no especificados.
A82: 4/ Se construye con el ingreso total corriente bruto por hora en todos los empleos. Se utiliza el salario mínimo minimorun equivalente por hora que se define por ley cada año. El salario mínimo minimorun por jornada ordinaria para el año 2020 fue ¢10620,62.
A83: * Coeficiente de variación mayor al 20%. Resultados no estadísticamente confiables.
A84: Fuente: INEC-Costa Rica. Encuesta Continua de Empleo (ECE), 2020.
A85: 1 | B85: -1 | C85: 0

Sheet C3 urbano
A1: Cuadro 3.1
A2: Costa Rica zona urbana: Población ocupada según condición del empleo de las personas asalariadas e independientes 1/
A3: =+'C1 total'!A3 -> II Trimestre 2020
A4: Condiciones del empleo | B4: =+'C1 total'!B4 -> II 2020 | C4: Variación Interanual | E4: Resultado de la prueba de significancia
B5: =+'C1 total'!B5 -> Abr - Jun | C5: Diferencia | D5: %
A7: 1. Población asalariada | B7: 994596 | C7: -205387 | D7: -17.115826 | E7: -1
A9: 1.1 Estabilidad en el empleo | B9: 994596 | C9: -205387 | D9: -17.115826 | E9: -1
A10: Empleo permanente | B10: 964211 | C10: -175790 | D10: -15.420162 | E10: -1
A11: Empleo no permanente | B11: 15351 | C11: -18063 | D11: -54.058179 | E11: -1
A12: Actividad ocasional | B12: 15034 | C12: -11534 | D12: -43.413129 | E12: -1
A14: 1.2 Condición de aseguramiento | B14: 994596 | C14: -205387 | D14: -17.115826 | E14: -1
A15: No tiene seguro por trabajo | B15: 139847 | C15: -100401 | D15: -41.790566 | E15: -1
A16: Tiene seguro por trabajo | B16: 854749 | C16: -104986 | D16: -10.939061 | E16: -1
A18: 1.3 Grupo de horas efectivas trabajadas2/ | B18: 994596 | C18: -205387 | D18: -17.115826 | E18: -1
A19: Menos de 15 | B19: 52943 | C19: -18976 | D19: -26.385239 | E19: -1
A20: De 15 a 39 | B20: 252450 | C20: 66557 | D20: 35.80393 | E20: 1
A21: De 40 a 48 | B21: 529198 | C21: -147223 | D21: -21.764995 | E21: -1
... A36: No especificado | B36: 114641 | C36: 11223 | D36: 10.852076 | E36: 0
A38: 1.6 Porcentajes
A39: Porcentaje de ocupados con seguro por trabajo | B39: 85.939316 | C39: 5.9602664 | D39: 7.4522845 | E39: 1
A40: Porcentaje de ocupados con subempleo | B40: 13.577372 | C40: 7.5187863 | D40: 124.10134 | E40: 1
A41: Porcentaje de ocupados que laboran 40 horas o más y perciben menos del salario mínimo | B41: 5.6198698 | C41: -2.1680739 | D41: -27.838849 | E41: -1
A42: Porcentaje de ocupados que laboran más de 48 horas | B42: 16.031333 | C42: -6.0999802 | D42: -27.562667 | E42: -1
A44: 2. Población independiente | B44: 284446 | C44: -114427 | D44: -28.687577 | E44: -1
A46: 2.1 Tipo de establecimiento | B46: 284446 | C46: -114427 | D46: -28.687577 | E46: -1
A47: Empresa en sociedad y cuasi sociedad | B47: 21950 | C47: -6826 | D47: -23.721157 | E47: 0
A48: Empresa no constituido en sociedad | B48: 262496 | C48: -107601 | D48: -29.073729 | E48: -1
A50: 2.2 Condición de aseguramiento | B50: 284446 | C50: -114427 | D50: -28.687577 | E50: -1
A51: No tiene seguro por trabajo | B51: 156696 | C51: -56377 | D51: -26.459007 | E51: -1
A52: Tiene seguro por trabajo | B52: 127750 | C52: -58050 | D52: -31.243272 | E52: -1
A54: 2.3 Grupo de horas efectivas trabajadas2/ | B54: 284446 | C54: -114427 | D54: -28.687577 | E54: -1
... A58: Más de 48 | B58: 54631 | C58: -61496 | D58: -52.955816 | E58: -1
A59: No especificado | B59: 0 | C59: 0 | D59: - | E59: 0
A61: 2.4 Principales ramas de actividad | B61: 284446 | C61: -114427 | D61: -28.687577 | E61: -1
A62: Comercio y reparación | B62: 54438 | C62: -14594 | D62: -21.14092 | E62: 0
A63: Industria manufacturera | B63: 32595 | C63: -6367 | D63: -16.341564 | E63: 0
A64: Actividades profesionales y administrativas de apoyo | B64: 27573 | C64: -18700 | D64: -40.412335 | E64: 0
A65: Otros3/ | B65: 169840 | C65: -74766 | D65: -30.56589 | E65: -1
A67: 2.5 Rango de ingreso4/ | B67: 284446 | C67: -114427 | D67: -28.687577 | E67: -1
A68: Menos de 1 salario mínimo | B68: 146027 | C68: -32700 | D68: -18.29606 | E68: -1
A69: De 1 a menos de 2 salarios mínimos | B69: 66973 | C69: -49024 | D69: -42.263162 | E69: -1
A70: De 2 a menos de 5 salarios mínimos | B70: 32824 | C70: -36128 | D70: -52.39587 | E70: -1
A71: 5 salarios mínimos o más | B71: 13201 | C71: -6533 | D71: -33.1053 | E71: 0
A72: No especificado | B72: 25421 | C72: 9958 | D72: 64.398888 | E72: 0
A74: 2.6 Porcentajes
A75: Porcentaje de ocupados con seguro por trabajo | B75: 44.911864 | C75: -1.6693789 | D75: -3.5838007 | E75: 0
A76: Porcentaje de ocupados con subempleo | B76: 37.639833 | C76: 19.158011 | D76: 103.65867 | E76: 1
A77: Porcentaje de ocupados que laboran 40 horas o más y perciben menos del salario mínimo | B77: 20.198561 | C77: -2.1323559 | D77: -9.5488954 | E77: 0
A78: Porcentaje de ocupados que laboran más de 48 horas | B78: 19.206106 | C78: -9.9076722 | D78: -34.030871 | E78: -1
A79: 1/ No se incluye la población ocupada auxiliar no remunerada.
A80: 2/ Se utilizó la suma de las horas efectivas trabajadas en el empleo principal.
A81: 3/ Incluye otras rama de actividad y no especificados.
A82: 4/ Se construye con el ingreso total corriente bruto por hora en todos los empleos. Se utiliza el salario mínimo minimorun equivalente por hora que se define por ley cada año. El salario mínimo minimorun por jornada ordinaria para el año 2020 fue ¢10620,62.
A83: * Coeficiente de variación mayor al 20%. Resultados no estadísticamente confiables.
A84: Fuente: INEC-Costa Rica. Encuesta Continua de Empleo (ECE), 2020.
A85: 1 | B85: -1 | C85: 0

Sheet C3 rural
A1: Cuadro 3.2
A2: Costa Rica zona rural: Población ocupada según condición del empleo de las personas asalariadas e independientes 1/
A3: =+'C1 total'!A3 -> II Trimestre 2020
A4: Condiciones del empleo | B4: =+'C1 total'!B4 -> II 2020 | C4: Variación Interanual | E4: Resultado de la prueba de significancia
B5: =+'C1 total'!B5 -> Abr - Jun | C5: Diferencia | D5: %
A7: 1. Población asalariada | B7: 317183 | C7: -76006 | D7: -19.330653 | E7: -1
A9: 1.1 Estabilidad en el empleo | B9: 317183 | C9: -76006 | D9: -19.330653 | E9: -1
A10: Empleo permanente | B10: 280074 | C10: -59405 | D10: -17.498873 | E10: -1
A11: Empleo no permanente | B11: 14478 | C11: -11041 | D11: -43.265802 | E11: -1
A12: Actividad ocasional | B12: 22631 | C12: -5560 | D12: -19.722607 | E12: -1
A14: 1.2 Condición de aseguramiento | B14: 317183 | C14: -76006 | D14: -19.330653 | E14: -1
A15: No tiene seguro por trabajo | B15: 73606 | C15: -41420 | D15: -36.00925 | E15: -1
A16: Tiene seguro por trabajo | B16: 243577 | C16: -34586 | D16: -12.433717 | E16: -1
A18: 1.3 Grupo de horas efectivas trabajadas2/ | B18: 317183 | C18: -76006 | D18: -19.330653 | E18: -1
A19: Menos de 15 | B19: 24902 | C19: -6890 | D19: -21.672119 | E19: -1
A20: De 15 a 39 | B20: 93175 | C20: 12377 | D20: 15.318448 | E20: 1
A21: De 40 a 48 | B21: 135619 | C21: -45654 | D21: -25.185218 | E21: -1
... A36: No especificado | B36: 38532 | C36: -12836 | D36: -24.98832 | E36: 0
A38: 1.6 Porcentajes
A39: Porcentaje de ocupados con seguro por trabajo | B39: 76.793838 | C39: 6.0484715 | D39: 8.5496363 | E39: 1
A40: Porcentaje de ocupados con subempleo | B40: 20.784216 | C40: 9.5222021 | D40: 84.551503 | E40: 1
A41: Porcentaje de ocupados que laboran 40 horas o más y perciben menos del salario mínimo | B41: 11.200159 | C41: -2.9947957 | D41: -21.097607 | E41: -1
A42: Porcentaje de ocupados que laboran más de 48 horas | B42: 19.944953 | C42: -5.2551417 | D42: -20.853659 | E42: -1
A44: 2. Población independiente | B44: 118363 | C44: -30246 | D44: -20.352738 | E44: -1
A46: 2.1 Tipo de establecimiento | B46: 118363 | C46: -30246 | D46: -20.352738 | E46: -1
A47: Empresa en sociedad y cuasi sociedad | B47: 10952 | C47: 1092 | D47: 11.075051 | E47: 0
A48: Empresa no constituido en sociedad | B48: 107411 | C48: -31338 | D48: -22.586109 | E48: -1
A50: 2.2 Condición de aseguramiento | B50: 118363 | C50: -30246 | D50: -20.352738 | E50: -1
A51: No tiene seguro por trabajo | B51: 61031 | C51: -15013 | D51: -19.742517 | E51: -1
A52: Tiene seguro por trabajo | B52: 57332 | C52: -15233 | D52: -20.992214 | E52: -1
A54: 2.3 Grupo de horas efectivas trabajadas2/ | B54: 118363 | C54: -30246 | D54: -20.352738 | E54: -1
... A72: No especificado | B72: 5539 | C72: 3097 | D72: 126.82228 | E72: 0
A74: 2.6 Porcentajes
A75: Porcentaje de ocupados con seguro por trabajo | B75: 48.437434 | C75: -0.3920447 | D75: -0.80288529 | E75: 0
A76: Porcentaje de ocupados con subempleo | B76: 37.364717 | C76: 16.798668 | D76: 81.681551 | E76: 1
A77: Porcentaje de ocupados que laboran 40 horas o más y perciben menos del salario mínimo | B77: 20.423612 | C77: -5.2215372 | D77: -20.360721 | E77: -1
A78: Porcentaje de ocupados que laboran más de 48 horas | B78: 15.885032 | C78: -8.3214431 | D78: -34.376931 | E78: -1
A79: 1/ No se incluye la población ocupada auxiliar no remunerada.
A80: 2/ Se utilizó la suma de las horas efectivas trabajadas en el empleo principal.
A81: 3/ Incluye otras rama de actividad y no especificados.
A82: 4/ Se construye con el ingreso total corriente bruto por hora en todos los empleos. Se utiliza el salario mínimo minimorun equivalente por hora que se define por ley cada año. El salario mínimo minimorun por jornada ordinaria para el año 2020 fue ¢10620,62.
A83: * Coeficiente de variación mayor al 20%. Resultados no estadísticamente confiables.
A84: Fuente: INEC-Costa Rica. Encuesta Continua de Empleo (ECE), 2020.
A85: 1 | B85: -1 | C85: 0

Sheet C3 hombre
A1: Cuadro 3.3
A2: Costa Rica hombres: Población ocupada según condición del empleo de las personas asalariadas e independientes 1/
A3: =+'C1 total'!A3 -> II Trimestre 2020
A4: Condiciones del empleo | B4: =+'C1 total'!B4 -> II 2020 | C4: Variación Interanual | E4: Resultado de la prueba de significancia
B5: =+'C1 total'!B5 -> Abr - Jun | C5: Diferencia | D5: %
A7: 1. Población asalariada | B7: 817942 | C7: -131230 | D7: -13.825734 | E7: -1
A9: 1.1 Estabilidad en el empleo | B9: 817942 | C9: -131230 | D9: -13.825734 | E9: -1
A10: Empleo permanente | B10: 767783 | C10: -98225 | D10: -11.342274 | E10: -1
A11: Empleo no permanente | B11: 21199 | C11: -21805 | D11: -50.704586 | E11: -1
A12: Actividad ocasional | B12: 28960 | C12: -11200 | D12: -27.888446 | E12: -1
A14: 1.2 Condición de aseguramiento | B14: 817942 | C14: -131230 | D14: -13.825734 | E14: -1
A15: No tiene seguro por trabajo | B15: 121501 | C15: -53186 | D15: -30.446456 | E15: -1
A16: Tiene seguro por trabajo | B16: 696441 | C16: -78044 | D16: -10.07689 | E16: -1
A18: 1.3 Grupo de horas efectivas trabajadas2/ | B18: 817942 | C18: -131230 | D18: -13.825734 | E18: -1
A19: Menos de 15 | B19: 20416 | C19: -3102 | D19: -13.189897 | E19: 0
A20: De 15 a 39 | B20: 216592 | C20: 86398 | D20: 66.360969 | E20: 1
A21: De 40 a 48 | B21: 410952 | C21: -99405 | D21: -19.477542 | E21: -1
... A36: No especificado | B36: 113924 | C36: 13495 | D36: 13.437354 | E36: 0
A38: 1.6 Porcentajes
A39: Porcentaje de ocupados con seguro por trabajo | B39: 85.145524 | C39: 3.5496697 | D39: 4.3503064 | E39: 1
A40: Porcentaje de ocupados con subempleo | B40: 14.908025 | C40: 10.126068 | D40: 211.75572 | E40: 1
A41: Porcentaje de ocupados que laboran 40 horas o más y perciben menos del salario mínimo | B41: 8.6986608 | C41: -1.5559611 | D41: -15.173267 | E41: -1
A42: Porcentaje de ocupados que laboran más de 48 horas | B42: 20.714305 | C42: -9.2881604 | D42: -30.957991 | E42: -1
A44: 2. Población independiente | B44: 297598 | C44: -73531 | D44: -19.812787 | E44: -1
A46: 2.1 Tipo de establecimiento | B46: 297598 | C46: -73531 | D46: -19.812787 | E46: -1
A47: Empresa en sociedad y cuasi sociedad | B47: 26747 | C47: -4421 | D47: -14.18442 | E47: 0
A48: Empresa no constituido en sociedad | B48: 270851 | C48: -69110 | D48: -20.328802 | E48: -1
A50: 2.2 Condición de aseguramiento | B50: 297598 | C50: -73531 | D50: -19.812787 | E50: -1
A51: No tiene seguro por trabajo | B51: 152712 | C51: -19830 | D51: -11.492854 | E51: -1
A52: Tiene seguro por trabajo | B52: 144886 | C52: -53701 | D52: -27.041549 | E52: -1
A54: 2.3 Grupo de horas efectivas trabajadas2/ | B54: 297598 | C54: -73531 | D54: -19.812787 | E54: -1
... A72: No especificado | B72: 22659 | C72: 8618 | D72: 61.377395 | E72: 0
A74: 2.6 Porcentajes
A75: Porcentaje de ocupados con seguro por trabajo | B75: 48.685139 | C75: -4.8237487 | D75: -9.0148552 | E75: -1
A76: Porcentaje de ocupados con subempleo | B76: 36.074839 | C76: 20.716298 | D76: 134.88454 | E76: 1
A77: Porcentaje de ocupados que laboran 40 horas o más y perciben menos del salario mínimo | B77: 21.948064 | C77: -6.1348935 | D77: -21.84561 | E77: -1
A78: Porcentaje de ocupados que laboran más de 48 horas | B78: 19.346568 | C78: -15.617824 | D78: -44.667798 | E78: -1
A79: 1/ No se incluye la población ocupada auxiliar no remunerada.
A80: 2/ Se utilizó la suma de las horas efectivas trabajadas en el empleo principal.
A81: 3/ Incluye otras rama de actividad y no especificados.
A82: 4/ Se construye con el ingreso total corriente bruto por hora en todos los empleos. Se utiliza el salario mínimo minimorun equivalente por hora que se define por ley cada año. El salario mínimo minimorun por jornada ordinaria para el año 2020 fue ¢10620,62.
A83: * Coeficiente de variación mayor al 20%. Resultados no estadísticamente confiables.
A84: Fuente: INEC-Costa Rica. Encuesta Continua de Empleo (ECE), 2020.
A85: 1 | B85: -1 | C85: 0

Sheet C3 mujer
A1: Cuadro 3.4
A2: Costa Rica mujeres: Población ocupada según condición del empleo de las personas asalariadas e independientes 1/
A3: =+'C1 total'!A3 -> II Trimestre 2020
A4: Condiciones del empleo | B4: =+'C1 total'!B4 -> II 2020 | C4: Variación Interanual | E4: Resultado de la prueba de significancia
B5: =+'C1 total'!B5 -> Abr - Jun | C5: Diferencia | D5: %
A7: 1. Población asalariada | B7: 493837 | C7: -150163 | D7: -23.317236 | E7: -1
A9: 1.1 Estabilidad en el empleo | B9: 493837 | C9: -150163 | D9: -23.317236 | E9: -1
A10: Empleo permanente | B10: 476502 | C10: -136970 | D10: -22.327017 | E10: -1
A11: Empleo no permanente | B11: 8630 | C11: -7299 | D11: -45.822086 | E11: 0
A12: Actividad ocasional | B12: 8705 | C12: -5894 | D12: -40.372628 | E12: 0
A14: 1.2 Condición de aseguramiento | B14: 493837 | C14: -150163 | D14: -23.317236 | E14: -1
A15: No tiene seguro por trabajo | B15: 91952 | C15: -88635 | D15: -49.081606 | E15: -1
A16: Tiene seguro por trabajo | B16: 401885 | C16: -61528 | D16: -13.277142 | E16: -1
A18: 1.3 Grupo de horas efectivas trabajadas2/ | B18: 493837 | C18: -150163 | D18: -23.317236 | E18: -1
A19: Menos de 15 | B19: 57429 | C19: -22764 | D19: -28.386518 | E19: -1
A20: De 15 a 39 | B20: 129033 | C20: -7464 | D20: -5.468252 | E20: 0
A21: De 40 a 48 | B21: 253865 | C21: -93472 | D21: -26.91104 | E21: -1
... A36: No especificado | B36: 39249 | C36: -15108 | D36: -27.794028 | E36: 0
A38: 1.6 Porcentajes
A39: Porcentaje de ocupados con seguro por trabajo | B39: 81.380091 | C39: 9.4215506 | D39: 13.093026 | E39: 1
A40: Porcentaje de ocupados con subempleo | B40: 16.002244 | C40: 4.8851629 | D40: 43.942857 | E40: 1
A41: Porcentaje de ocupados que laboran 40 horas o más y perciben menos del salario mínimo | B41: 4.1045932 | C41: -3.9595372 | D41: -49.10061 | E41: -1
A42: Porcentaje de ocupados que laboran más de 48 horas | B42: 10.78858 | C42: -1.615302 | D42: -13.022552 | E42: 0
A44: 2. Población independiente | B44: 105211 | C44: -71142 | D44: -40.34068 | E44: -1
A46: 2.1 Tipo de establecimiento | B46: 105211 | C46: -71142 | D46: -40.34068 | E46: -1
A47: Empresa en sociedad y cuasi sociedad | B47: 6155 | C47: -1313 | D47: -17.581682 | E47: 0
A48: Empresa no constituido en sociedad | B48: 99056 | C48: -69829 | D48: -41.34707 | E48: -1
A50: 2.2 Condición de aseguramiento | B50: 105211 | C50: -71142 | D50: -40.34068 | E50: -1
A51: No tiene seguro por trabajo | B51: 65015 | C51: -51560 | D51: -44.229037 | E51: -1
A52: Tiene seguro por trabajo | B52: 40196 | C52: -19582 | D52: -32.757871 | E52: -1
A54: 2.3 Grupo de horas efectivas trabajadas2/ | B54: 105211 | C54: -71142 | D54: -40.34068 | E54: -1
... A58: Más de 48 | B58: 15858 | C58: -6479 | D58: -29.005686 | E58: 0
A59: No especificado | B59: 160 | C59: 160 | D59: #DIV/0! | E59: 0
A61: 2.4 Principales ramas de actividad | B61: 105211 | C61: -71142 | D61: -40.34068 | E61: -1
A62: Comercio y reparación | B62: 19731 | C62: -7833 | D62: -28.417501 | E62: -1
A63: Industria manufacturera | B63: 16557 | C63: -10315 | D63: -38.38568 | E63: -1
A64: Hoteles y restaurantes | B64: 21628 | C64: -19235 | D64: -47.071923 | E64: -1
A65: Otros3/ | B65: 47295 | C65: -33759 | D65: -41.650011 | E65: -1
A67: 2.5 Rango de ingreso4/ | B67: 105211 | C67: -71142 | D67: -40.34068 | E67: -1
A68: Menos de 1 salario mínimo | B68: 62127 | C68: -30835 | D68: -33.169467 | E68: -1
A69: De 1 a menos de 2 salarios mínimos | B69: 22146 | C69: -25548 | D69: -53.566486 | E69: -1
A70: De 2 a menos de 5 salarios mínimos | B70: 7769 | C70: -16147 | D70: -67.515471 | E70: 0
A71: 5 salarios mínimos o más | B71: 4868 | C71: -3049 | D71: -38.512063 | E71: 0
A72: No especificado | B72: 8301 | C72: 4437 | D72: 114.82919 | E72: 0
A74: 2.6 Porcentajes
A75: Porcentaje de ocupados con seguro por trabajo | B75: 38.205131 | C75: 4.3083441 | D75: 12.710184 | E75: 0
A76: Porcentaje de ocupados con subempleo | B76: 41.757041 | C76: 14.946042 | D76: 55.745937 | E76: 1
A77: Porcentaje de ocupados que laboran 40 horas o más y perciben menos del salario mínimo | B77: 15.503132 | C77: 2.484357 | D77: 19.082878 | E77: 0
A78: Porcentaje de ocupados que laboran más de 48 horas | B78: 15.072568 | C78: 2.4064953 | D78: 18.999537 | E78: 0
A79: 1/ No se incluye la población ocupada auxiliar no remunerada.
A80: 2/ Se utilizó la suma de las horas efectivas trabajadas en el empleo principal.
A81: 3/ Incluye otras rama de actividad y no especificados.
A82: 4/ Se construye con el ingreso total corriente bruto por hora en todos los empleos. Se utiliza el salario mínimo minimorun equivalente por hora que se define por ley cada año. El salario mínimo minimorun por jornada ordinaria para el año 2020 fue ¢10620,62.
A83: * Coeficiente de variación mayor al 20%. Resultados no estadísticamente confiables.
A84: Fuente: INEC-Costa Rica. Encuesta Continua de Empleo (ECE), 2020.
A85: 1 | B85: -1 | C85: 0

Sheet C4 total
A1: Cuadro 4
A2: Costa Rica: Promedio del ingreso mensual en el empleo principal según características del empleo1/
A3: =+'C1 total'!A3 -> II Trimestre 2020
A4: Características del empleo | B4: =+'C1 total'!B4 -> II 2020 | C4: Variación Interanual | E4: Resultado de la prueba de significancia
B5: =+'C1 total'!B5 -> Abr - Jun | C5: Diferencia | D5: %
A7: 1. Rama de actividad | B7: 481892 | C7: 12164.244 | D7: 2.589637 | E7: 0
A9: 1.1 Sector primario | B9: 294223 | C9: -13720.44 | D9: -4.4555065 | E9: 0
A10: Agricultura, ganadería y pesca | B10: 294223 | C10: -13720.44 | D10: -4.4555065 | E10: 0
A12: 1.2 Sector secundario | B12: 417906 | C12: 820.93112 | D12: 0.19682582 | E12: 0
A13: Industria manufacturera | B13: 432233 | C13: 26088.132 | D13: 6.4233563 | E13: 0
A14: Construcción | B14: 306465 | C14: -76770.847 | D14: -20.032272 | E14: -1
A15: Otros2/ | B15: 714362 | C15: -14508.351 | D15: -1.9905256 | E15: 0
A17: 1.3 Sector comercio y servicios | B17: 535477 | C17: 26444.299 | D17: 5.1950099 | E17: 0
A18: Comercio y reparación | B18: 329410 | C18: -35357.234 | D18: -9.6930947 | E18: -1
A19: Transporte y almacenamiento | B19: 320491 | C19: -65384.578 | D19: -16.944472 | E19: -1
A20: Hoteles y restaurantes | B20: 255328 | C20: -56731.914 | D20: -18.179815 | E20: -1
A21: Intermediación financiera y de seguros | B21: 697272 | C21: -210312.54 | D21: -23.172776 | E21: -1
... A55: Empleadora | B55: 384013 | C55: -183033.41 | D55: -32.278383 | E55: -1
A56: 1/ Se utiliza para el cálculo el ingreso bruto corriente del empleo principal y se incluyen solamente ocupados con ingresos conocidos mayores a cero. No incluye a los ocupados no remunerados.
A57: 2/ Incluye explotación de minas y canteras, suministros de electricidad, gas, vapor y aire acondicionado, suministros de agua, evacuación de aguas residuales y gestión de desechos y contaminación.
A58: 3/ Incluye información y comunicaciones, actividades inmobiliarias, actividades artísticas, de entretenimiento y recreativas, actividades de organizaciones y órganos extraterritoriales y otras actividades de servicios.
A59: 4/ El grupo de directores y gerentes concentra una población con características muy específicas, entre ellas, ser un grupo muy heterogéneo, de poca muestra y con ingresos muy superiores a los demás grupos ocupacionales. Esto genera que, en la recolección de datos en algunos trimestres se capten ingresos altos con base en la información suministrada por los informantes dentro de sus hogares. Por lo tanto, se recomienda usar el dato del promedio del ingreso mensual en el empleo principal con cautela, ya que existe una gran variabilidad en ingresos reportados.
A60: 5/ Incluye directores y gerentes, nivel profesional, científico e intelectual, nivel técnico y profesional medio.
A61: 6/ Incluye apoyo administrativo, ventas en locales y prestación de servicios directos a personas, agropecuario, agrícolas y pesqueras calificadas, producción artesanal, construcción, mecánica, artes gráficas y manufacturas calificadas y montaje y operación de instalaciones y máquinas.
A62: * Coeficiente de variación mayor al 20%. Resultados no estadísticamente confiables.
A63: Fuente: INEC-Costa Rica. Encuesta Continua de Empleo (ECE), 2020.
A64: 1 | B64: -1 | C64: 0

Sheet C4 urbano
A1: Cuadro 4.1
A2: Costa Rica zona urbana: Promedio del ingreso mensual en el empleo principal según características del empleo1/
A3: =+'C1 total'!A3 -> II Trimestre 2020
A4: Características del empleo | B4: =+'C1 total'!B4 -> II 2020 | C4: Variación Interanual | E4: Resultado de la prueba de significancia
B5: =+'C1 total'!B5 -> Abr - Jun | C5: Diferencia | D5: %
A7: 1. Rama de actividad | B7: 518770 | C7: 18082.668 | D7: 3.6115689 | E7: 0
A9: 1.1 Sector primario | B9: 325586 | C9: -16049.224 | D9: -4.6977662 | E9: 0
A10: Agricultura, ganadería y pesca | B10: 325586 | C10: -16049.224 | D10: -4.6977662 | E10: 0
A12: 1.2 Sector secundario | B12: 431889 | C12: 7399.8076 | D12: 1.7432264 | E12: 0
A13: Industria manufacturera | B13: 450709 | C13: 34023.105 | D13: 8.1651683 | E13: 0
A14: Construcción | B14: 310226 | C14: -81336.503 | D14: -20.772291 | E14: -1
A15: Otros2/ | B15: 806899 | C15: -5807.0498 | D15: -0.71453262 | E15: 0
A17: 1.3 Sector comercio y servicios | B17: 560046 | C17: 29866.743 | D17: 5.6333293 | E17: 0
A18: Comercio y reparación | B18: 330223 | C18: -36526.363 | D18: -9.9594892 | E18: -1
A19: Transporte y almacenamiento | B19: 335202 | C19: -54130.295 | D19: -13.903366 | E19: -1
A20: Hoteles y restaurantes | B20: 254911 | C20: -46610.789 | D20: -15.458514 | E20: -1
A21: Intermediación financiera y de seguros | B21: 692421 | C21: -226817.65 | D21: -24.674512 | E21: -1
... A55: Empleadora | B55: 381713 | C55: -178194.05 | D55: -31.825648 | E55: -1
A56: 1/ Se utiliza para el cálculo el ingreso bruto corriente del empleo principal y se incluyen solamente ocupados con ingresos conocidos mayores a cero. No incluye a los ocupados no remunerados.
A57: 2/ Incluye explotación de minas y canteras, suministros de electricidad, gas, vapor y aire acondicionado, suministros de agua, evacuación de aguas residuales y gestión de desechos y contaminación.
A58: 3/ Incluye información y comunicaciones, actividades inmobiliarias, actividades artísticas, de entretenimiento y recreativas, actividades de organizaciones y órganos extraterritoriales y otras actividades de servicios.
A59: 4/ El grupo de directores y gerentes concentra una población con características muy específicas, entre ellas, ser un grupo muy heterogéneo, de poca muestra y con ingresos muy superiores a los demás grupos ocupacionales. Esto genera que, en la recolección de datos en algunos trimestres se capten ingresos altos con base en la información suministrada por los informantes dentro de sus hogares. Por lo tanto, se recomienda usar el dato del promedio del ingreso mensual en el empleo principal con cautela, ya que existe una gran variabilidad en ingresos reportados.
A60: 5/ Incluye directores y gerentes, nivel profesional, científico e intelectual, nivel técnico y profesional medio.
A61: 6/ Incluye apoyo administrativo, ventas en locales y prestación de servicios directos a personas, agropecuario, agrícolas y pesqueras calificadas, producción artesanal, construcción, mecánica, artes gráficas y manufacturas calificadas y montaje y operación de instalaciones y máquinas.
A62: * Coeficiente de variación mayor al 20%. Resultados no estadísticamente confiables.
A63: Fuente: INEC-Costa Rica. Encuesta Continua de Empleo (ECE), 2020.
A64: 1 | B64: -1 | C64: 0

Sheet C4 rural
A1: Cuadro 4.2
A2: Costa Rica zona rural: Promedio del ingreso mensual en el empleo principal según características del empleo1/
A3: =+'C1 total'!A3 -> II Trimestre 2020
A4: Características del empleo | B4: =+'C1 total'!B4 -> II 2020 | C4: Variación Interanual | E4: Resultado de la prueba de significancia
B5: =+'C1 total'!B5 -> Abr - Jun | C5: Diferencia | D5: %
A7: 1. Rama de actividad | B7: 373480 | C7: -1688.3675 | D7: -0.45002928 | E7: 0
A9: 1.1 Sector primario | B9: 278082 | C9: -15558.326 | D9: -5.2984296 | E9: 0
A10: Agricultura, ganadería y pesca | B10: 278082 | C10: -15558.326 | D10: -5.2984296 | E10: 0
A12: 1.2 Sector secundario | B12: 353228 | C12: -32040.944 | D12: -8.3165136 | E12: -1
A13: Industria manufacturera | B13: 319687 | C13: -34072.259 | D13: -9.6314819 | E13: 0
A14: Construcción | B14: 290930 | C14: -55474.702 | D14: -16.01442 | E14: -1
A15: Otros2/ | B15: 557652 | C15: -53347.34 | D15: -8.7311617 | E15: 0
A17: 1.3 Sector comercio y servicios | B17: 437363 | C17: 17782.779 | D17: 4.2382309 | E17: 0
A18: Comercio y reparación | B18: 326574 | C18: -30818.235 | D18: -8.6230847 | E18: 0
A19: Transporte y almacenamiento | B19: 252024 | C19: -119236.18 | D19: -32.116609 | E19: -1
A20: Hoteles y restaurantes | B20: 256364 | C20: -88376.133 | D20: -25.63558 | E20: -1
A21: Intermediación financiera y de seguros | B21: 763064 | C21: -32181.451 | D21: -4.0467319 | E21: 0
... A55: Empleadora | B55: 391663 | C55: -196372.63 | D55: -33.394682 | E55: -1
A56: 1/ Se utiliza para el cálculo el ingreso bruto corriente del empleo principal y se incluyen solamente ocupados con ingresos conocidos mayores a cero. No incluye a los ocupados no remunerados.
A57: 2/ Incluye explotación de minas y canteras, suministros de electricidad, gas, vapor y aire acondicionado, suministros de agua, evacuación de aguas residuales y gestión de desechos y contaminación.
A58: 3/ Incluye información y comunicaciones, actividades inmobiliarias, actividades artísticas, de entretenimiento y recreativas, actividades de organizaciones y órganos extraterritoriales y otras actividades de servicios.
A59: 4/ El grupo de directores y gerentes concentra una población con características muy específicas, entre ellas, ser un grupo muy heterogéneo, de poca muestra y con ingresos muy superiores a los demás grupos ocupacionales. Esto genera que, en la recolección de datos en algunos trimestres se capten ingresos altos con base en la información suministrada por los informantes dentro de sus hogares. Por lo tanto, se recomienda usar el dato del promedio del ingreso mensual en el empleo principal con cautela, ya que existe una gran variabilidad en ingresos reportados.
A60: 5/ Incluye directores y gerentes, nivel profesional, científico e intelectual, nivel técnico y profesional medio.
A61: 6/ Incluye apoyo administrativo, ventas en locales y prestación de servicios directos a personas, agropecuario, agrícolas y pesqueras calificadas, producción artesanal, construcción, mecánica, artes gráficas y manufacturas calificadas y montaje y operación de instalaciones y máquinas.
A62: * Coeficiente de variación mayor al 20%. Resultados no estadísticamente confiables.
A63: Fuente: INEC-Costa Rica. Encuesta Continua de Empleo (ECE), 2020.
A64: 1 | B64: -1 | C64: 0

Sheet C4 hombre
A1: Cuadro 4.3
A2: Costa Rica hombres: Promedio del ingreso mensual en el empleo principal según características del empleo1/
A3: =+'C1 total'!A3 -> II Trimestre 2020
A4: Características del empleo | B4: =+'C1 total'!B4 -> II 2020 | C4: Variación Interanual | E4: Resultado de la prueba de significancia
B5: =+'C1 total'!B5 -> Abr - Jun | C5: Diferencia | D5: %
A7: 1. Rama de actividad | B7: 466839 | C7: -27791.035 | D7: -5.6185498 | E7: -1
A9: 1.1 Sector primario | B9: 297001 | C9: -15588.491 | D9: -4.9868889 | E9: 0
A10: Agricultura, ganadería y pesca | B10: 297001 | C10: -15588.491 | D10: -4.9868889 | E10: 0
A12: 1.2 Sector secundario | B12: 415812 | C12: -13923.629 | D12: -3.2400452 | E12: 0
A13: Industria manufacturera | B13: 437834 | C13: -10760.537 | D13: -2.3987222 | E13: 0
A14: Construcción | B14: 300306 | C14: -65445.456 | D14: -17.893423 | E14: -1
A15: Otros2/ | B15: 734679 | C15: 24062.406 | D15: 3.3861306 | E15: 0
A17: 1.3 Sector comercio y servicios | B17: 540177 | C17: -29238.909 | D17: -5.134895 | E17: 0
A18: Comercio y reparación | B18: 349403 | C18: -60219.621 | D18: -14.701244 | E18: -1
A19: Transporte y almacenamiento | B19: 304478 | C19: -80451.798 | D19: -20.900382 | E19: -1
A20: Hoteles y restaurantes | B20: 329002 | C20: -87764.203 | D20: -21.058378 | E20: -1
A21: Intermediación financiera y de seguros | B21: 635971 | C21: -381499.71 | D21: -37.494908 | E21: -1
... A55: Empleadora | B55: 408011 | C55: -186230.63 | D55: -31.339209 | E55: -1
A56: 1/ Se utiliza para el cálculo el ingreso bruto corriente del empleo principal y se incluyen solamente ocupados con ingresos conocidos mayores a cero. No incluye a los ocupados no remunerados.
A57: 2/ Incluye explotación de minas y canteras, suministros de electricidad, gas, vapor y aire acondicionado, suministros de agua, evacuación de aguas residuales y gestión de desechos y contaminación.
A58: 3/ Incluye información y comunicaciones, actividades inmobiliarias, actividades artísticas, de entretenimiento y recreativas, actividades de organizaciones y órganos extraterritoriales y otras actividades de servicios.
A59: 4/ El grupo de directores y gerentes concentra una población con características muy específicas, entre ellas, ser un grupo muy heterogéneo, de poca muestra y con ingresos muy superiores a los demás grupos ocupacionales. Esto genera que, en la recolección de datos en algunos trimestres se capten ingresos altos con base en la información suministrada por los informantes dentro de sus hogares. Por lo tanto, se recomienda usar el dato del promedio del ingreso mensual en el empleo principal con cautela, ya que existe una gran variabilidad en ingresos reportados.
A60: 5/ Incluye directores y gerentes, nivel profesional, científico e intelectual, nivel técnico y profesional medio.
A61: 6/ Incluye apoyo administrativo, ventas en locales y prestación de servicios directos a personas, agropecuario, agrícolas y pesqueras calificadas, producción artesanal, construcción, mecánica, artes gráficas y manufacturas calificadas y montaje y operación de instalaciones y máquinas.
A62: * Coeficiente de variación mayor al 20%. Resultados no estadísticamente confiables.
A63: Fuente: INEC-Costa Rica. Encuesta Continua de Empleo (ECE), 2020.
A64: 1 | B64: -1 | C64: 0

Sheet C4 mujer
A1: Cuadro 4.4
A2: Costa Rica mujeres: Promedio del ingreso mensual en el empleo principal según características del empleo1/
A3: =+'C1 total'!A3 -> II Trimestre 2020
A4: Características del empleo | B4: =+'C1 total'!B4 -> II 2020 | C4: Variación Interanual | E4: Resultado de la prueba de significancia
B5: =+'C1 total'!B5 -> Abr - Jun | C5: Diferencia | D5: %
A7: 1. Rama de actividad | B7: 508725 | C7: 78259.143 | D7: 18.180105 | E7: 1
A9: 1.1 Sector primario | B9: 271228 | C9: 1913.5902 | D9: 0.71054132 | E9: 0
A10: Agricultura, ganadería y pesca | B10: 271228 | C10: 1913.5902 | D10: 0.71054132 | E10: 0
A12: 1.2 Sector secundario | B12: 426246 | C12: 57063.703 | D12: 15.456782 | E12: 0
A13: Industria manufacturera | B13: 419184 | C13: 111894.37 | D13: 36.413327 | E13: 1
A14: Construcción | B14: 470278 | C14: -114247.5 | D14: -19.545341 | E14: 0
A15: Otros2/ | B15: 521133 | C15: -314052.31 | D15: -37.60271 | E15: 0
A17: 1.3 Sector comercio y servicios | B17: 529792 | C17: 86238.881 | D17: 19.44274 | E17: 1
A18: Comercio y reparación | B18: 286417 | C18: 3253.1708 | D18: 1.1488652 | E18: 0
A19: Transporte y almacenamiento | B19: 414616 | C19: 22232.887 | D19: 5.6661171 | E19: 0
A20: Hoteles y restaurantes | B20: 210753 | C20: -35559.722 | D20: -14.436819 | E20: -1
A21: Intermediación financiera y de seguros | B21: 752332 | C21: -66575.379 | D21: -8.1297813 | E21: 0
... A55: Empleadora | B55: 310747 | C55: -175593.85 | D55: -36.1051 | E55: -1
A56: 1/ Se utiliza para el cálculo el ingreso bruto corriente del empleo principal y se incluyen solamente ocupados con ingresos conocidos mayores a cero. No incluye a los ocupados no remunerados.
A57: 2/ Incluye explotación de minas y canteras, suministros de electricidad, gas, vapor y aire acondicionado, suministros de agua, evacuación de aguas residuales y gestión de desechos y contaminación.
A58: 3/ Incluye información y comunicaciones, actividades inmobiliarias, actividades artísticas, de entretenimiento y recreativas, actividades de organizaciones y órganos extraterritoriales y otras actividades de servicios.
A59: 4/ El grupo de directores y gerentes concentra una población con características muy específicas, entre ellas, ser un grupo muy heterogéneo, de poca muestra y con ingresos muy superiores a los demás grupos ocupacionales. Esto genera que, en la recolección de datos en algunos trimestres se capten ingresos altos con base en la información suministrada por los informantes dentro de sus hogares. Por lo tanto, se recomienda usar el dato del promedio del ingreso mensual en el empleo principal con cautela, ya que existe una gran variabilidad en ingresos reportados.
A60: 5/ Incluye directores y gerentes, nivel profesional, científico e intelectual, nivel técnico y profesional medio.
A61: 6/ Incluye apoyo administrativo, ventas en locales y prestación de servicios directos a personas, agropecuario, agrícolas y pesqueras calificadas, producción artesanal, construcción, mecánica, artes gráficas y manufacturas calificadas y montaje y operación de instalaciones y máquinas.
A62: * Coeficiente de variación mayor al 20%. Resultados no estadísticamente confiables.
A63: Fuente: INEC-Costa Rica. Encuesta Continua de Empleo (ECE), 2020.
A64: 1 | B64: -1 | C64: 0
